Map: Interloper LE

Players

Jinn - Winner!

  • Race: Terran Terran
  • League: Grandmaster
  • Spawn Location: 11:00

Sottorks

  • Race: Terran Terran
  • League: Master
  • Spawn Location: 5:00

Event: HopeTL

VOD

https://www.youtube.com/watch?v=fIOJgj8wW98&list=PL9QsjkBYtQM7NVZEDVfaNugqO61aBOlm6

Description

Time

  • Played on: Sept. 20, 2017, 7:55 p.m.
  • Length: 19:02
Show
View Real Time Build Order
Export as new Build Order

Jinn Terran - Winner!

Build Orders: Bio Tank 

Get SALT Encoding   

  12  0:01  SCV  
  13  0:13  SCV  
  14  0:17  Supply Depot  
  14  0:25  SCV  
  15  0:29  Refinery  
  15  0:39  SCV  
  16  0:45  Barracks  
  16  0:51  SCV  
  17  1:03  SCV  
  18  1:15  SCV  
  19  1:27  SCV  
  19  1:32  Reaper  
  21  1:40  Orbital Command  
  21  1:48  Command Center  
  21  1:57  Factory  
  21  2:03  Refinery  
  21  2:07  Barracks Reactor  
  21  2:11  SCV  
  22  2:16  Supply Depot  
  22  2:23  SCV  
  23  2:38  SCV  
  23  2:42  Factory Tech Lab  
  23  2:43  Marine x2  
  26  2:45  Starport  
  26  2:50  SCV  
  27  3:01  Marine x2  
  27  3:02  SCV  
  27  3:03  Orbital Command  
  29  3:12  Siege Tank  
  31  3:18  Marine  
  31  3:19  Marine  
  33  3:26  Viking  
  35  3:29  Orbital Command  
  35  3:30  SCV  
  36  3:36  Marine x2  
  38  3:42  SCV  
  39  3:50  Siege Tank  
  40  3:58  Marine  
  40  3:59  SCV, Marine  
  43  4:09  Viking  
  45  4:10  Orbital Command  
  45  4:11  Supply Depot, SCV  
  45  4:24  Marine x2, SCV  
  45  4:33  Siege Tank  
  48  4:40  Viking, SCV x2  
  52  4:50  Supply Depot  
  52  4:51  Marine x2  
  54  5:09  Command Center  
  54  5:12  Siege Tank, SCV x2  
  61  5:24  SCV  
  62  5:29  Supply Depot  
  62  5:31  SCV  
  61  5:36  SCV  
  61  5:38  Barracks  
  61  5:39  Refinery, Barracks  
  61  5:40  Refinery  
  62  5:42  Barracks Tech Lab  
  62  5:51  Viking x2, SCV  
  66  5:57  SCV  
  67  6:07  Marine  
  67  6:08  Stimpack  
  68  6:11  Supply Depot  
  68  6:14  SCV  
  68  6:15  SCV  
  68  6:25  SCV  
  68  6:26  SCV  
  70  6:35  Barracks Reactor  
  70  6:36  Barracks Reactor  
  70  6:38  SCV  
  71  6:45  Orbital Command  
  71  6:46  SCV  
  72  6:54  SCV  
  73  6:57  Engineering Bay  
  73  7:04  Orbital Command  
  71  7:10  SCV x2  
  71  7:14  Marine x2  
  71  7:15  Marine x2  
  77  7:16  Siege Tank  
  77  7:17  Viking  
  77  7:18  Viking  
  77  7:21  Supply Depot  
  84  7:31  SCV  
  84  7:32  SCV  
  85  7:43  SCV x2  
  85  7:44  SCV  
  88  7:48  Sensor Tower  
  88  7:53  Siege Tank  
  88  7:54  Viking  
  88  7:55  Sensor Tower  
  93  7:59  Supply Depot  
  93  8:09  Terran Infantry Weapons Level 1, Marine x5  
  93  8:10  Supply Depot, SCV  
  101  8:18  Combat Shields  
  101  8:20  SCV x2  
  101  8:22  SCV  
  101  8:24  Supply Depot  
  101  8:27  Marine x2, Siege Tank  
  107  8:33  SCV x2  
  112  8:34  SCV  
  112  8:36  Medivac x2  
  112  8:39  Supply Depot  
  114  8:42  Supply Depot, Marine x3  
  117  8:48  SCV x2  
  117  8:49  Refinery x2  
  117  8:54  Supply Depot  
  119  8:57  Marine x2  
  119  9:00  Siege Tank, Marine  
  125  9:10  Marine  
  125  9:11  Marine  
  125  9:15  Marine  
  128  9:23  Command Center  
  128  9:29  Medivac  
  128  9:30  Medivac  
  132  9:32  Siege Tank  
  132  9:37  Supply Depot  
  132  9:38  Supply Depot  
  135  9:42  Armory  
  135  9:43  Marine x5, Engineering Bay  
  140  9:49  SCV x3  
  143  9:58  Missile Turret  
  143  9:59  Missile Turret  
  143  10:00  Marine, Missile Turret  
  144  10:07  Factory  
  144  10:09  Factory  
  144  10:11  Barracks Reactor  
  144  10:13  Siege Tank  
  147  10:14  Marine x3  
  147  10:18  Marine  
  147  10:19  Medivac x2  
  155  10:22  SCV x3  
  158  10:30  Terran Infantry Weapons Level 2, Terran Vehicle Weapons Level 1  
  158  10:32  Terran Infantry Armor Level 1, Marine  
  158  10:34  SCV  
  160  10:50  Command Center  
  157  11:15  Planetary Fortress  
  155  11:27  Refinery  
  155  11:30  Sensor Tower, Siege Tank  
  155  11:31  Factory Tech Lab, Siege Tank, Marine x2  
  155  11:32  Marine x4  
  163  11:33  Refinery  
  163  11:45  Medivac x2  
  139  11:49  Marine x6  
  132  12:03  Siege Tank x2  
  132  12:07  Marine x5  
  146  12:08  Siege Tank  
  146  12:15  Medivac, Marine  
  149  12:25  Marine x3  
  149  12:26  Command Center  
  144  12:35  Marine, Siege Tank x2  
  144  12:36  Marine x2  
  151  12:40  Siege Tank  
  151  12:42  Marine  
  151  12:43  Marine x2  
  152  12:53  Marine  
  153  13:07  Siege Tank x2  
  153  13:11  Marine x4  
  153  13:12  Siege Tank  
  161  13:16  Medivac x2  
  165  13:20  Barracks  
  165  13:22  Barracks  
  165  13:26  Marine  
  165  13:27  Marine  
  166  13:28  Terran Vehicle Weapons Level 2  
  166  13:29  Marine x3  
  170  13:39  Siege Tank  
  159  13:50  Siege Tank  
  159  13:51  Siege Tank  
  159  13:52  Marine x3  
  137  13:58  Marine x3  
  126  14:10  Marine  
  126  14:11  Marine  
  126  14:16  Marine  
  105  14:42  Planetary Fortress  
  91  14:54  Refinery  
  91  14:58  Starport x2  
  91  14:59  Refinery  
  77  15:39  Starport  
  77  15:41  Starport  
  76  15:48  Starport Tech Lab x2  
  76  16:07  Banshee  
  76  16:08  Banshee  
  81  16:17  Starport Tech Lab x2  
  81  16:27  Command Center  
  81  16:30  Factory  
  81  16:34  Barracks Reactor x2  
  81  16:36  Barracks, Command Center  
  81  16:42  Orbital Command  
  81  16:46  Factory Tech Lab  
  81  16:50  Banshee  
  81  16:52  Factory Tech Lab  
  71  16:57  Barracks Reactor  
  71  16:59  Banshee  
  57  17:03  Barracks Reactor  
  57  17:09  Banshee  
  57  17:10  Banshee  
  57  17:11  Barracks Reactor  
  57  17:14  Marine x4  
  57  17:15  Siege Tank x2, Orbital Command  
  73  17:19  SCV  
  74  17:31  SCV  
  74  17:33  Cloaking Field  
  75  17:38  Starport Tech Lab  
  75  17:44  Orbital Command  
  67  17:53  Banshee, Siege Tank  
  65  18:17  Banshee x2  
  71  18:41  Marine  
Show
View Real Time Build Order
Export as new Build Order

Sottorks Terran 

Build Orders: 1/1/1, Cyclone Opening, Bio Tank 

Get SALT Encoding   

  12  0:01  SCV  
  13  0:13  SCV  
  14  0:17  Supply Depot  
  14  0:25  SCV  
  15  0:29  Refinery  
  15  0:38  SCV  
  16  0:45  Barracks  
  16  0:50  SCV  
  16  0:55  Refinery  
  17  1:03  SCV  
  18  1:15  SCV  
  19  1:33  Factory  
  19  1:35  Orbital Command  
  19  1:36  Reaper  
  20  1:49  Supply Depot  
  20  2:00  SCV  
  21  2:08  Reaper  
  22  2:12  SCV  
  23  2:16  Cyclone  
  26  2:22  Starport  
  26  2:24  SCV  
  27  2:34  Supply Depot  
  27  2:36  SCV  
  28  2:40  Reaper  
  29  2:48  SCV  
  30  2:56  Cyclone  
  33  3:03  Viking  
  33  3:04  SCV  
  36  3:16  Supply Depot, Reaper  
  36  3:36  Starport Tech Lab  
  36  3:37  Command Center  
  36  3:38  SCV  
  37  3:43  Supply Depot  
  37  3:50  SCV  
  38  3:56  Raven  
  40  4:06  SCV  
  41  4:13  Barracks  
  41  4:15  Barracks  
  41  4:20  SCV  
  41  4:23  Barracks Reactor  
  31  4:24  Factory Tech Lab  
  31  4:33  SCV  
  31  4:34  Cyclone  
  35  4:45  SCV  
  36  4:47  Viking  
  36  4:50  Orbital Command  
  38  4:53  Bunker  
  38  4:59  Marine x2  
  40  5:02  Marine x2  
  40  5:04  SCV  
  43  5:08  Supply Depot  
  43  5:12  Factory Tech Lab  
  43  5:16  SCV  
  43  5:17  Marine  
  43  5:20  Barracks Reactor  
  45  5:27  Starport Reactor, SCV  
  46  5:28  SCV  
  46  5:29  Marine x2  
  46  5:30  Stimpack  
  49  5:35  Refinery, Marine  
  49  5:36  Refinery  
  49  5:41  SCV  
  51  5:44  SCV  
  51  5:46  Siege Tank  
  51  5:47  Marine x2  
  57  5:53  Marine, SCV  
  57  5:56  SCV, Marine  
  61  6:05  SCV  
  61  6:08  Viking x2, SCV  
  67  6:13  Supply Depot  
  67  6:14  Supply Depot  
  67  6:16  Supply Depot  
  67  6:18  Marine  
  67  6:19  Marine x3  
  67  6:25  SCV  
  72  6:26  Marine  
  72  6:27  SCV  
  74  6:36  Siege Tank  
  74  6:37  SCV  
  74  6:38  Medivac  
  74  6:39  SCV  
  79  6:40  Medivac  
  81  6:53  Marine x2, Command Center  
  83  6:55  Marine x2  
  83  6:57  SCV  
  83  6:58  SCV  
  87  7:09  Medivac  
  87  7:10  Medivac  
  87  7:12  SCV  
  87  7:15  SCV  
  93  7:16  Engineering Bay x2  
  93  7:19  Supply Depot  
  93  7:23  Siege Tank  
  93  7:24  Marine x2  
  93  7:25  SCV  
  93  7:27  SCV  
  88  7:38  SCV  
  88  7:39  SCV  
  88  7:43  Barracks x2  
  90  7:45  Marine x3  
  90  7:46  Marine x2  
  90  7:49  Combat Shields  
  90  7:51  SCV  
  96  7:52  SCV  
  97  8:01  Terran Infantry Armor Level 1, Terran Infantry Weapons Level 1  
  97  8:04  Siege Tank  
  100  8:06  SCV  
  100  8:10  SCV  
  102  8:13  Orbital Command  
  102  8:17  Marine x2  
  102  8:18  Marine  
  102  8:19  SCV  
  106  8:25  Marine x2  
  108  8:32  Barracks Reactor x2  
  108  8:35  Marine x3  
  108  8:40  Siege Tank  
  108  8:41  Sensor Tower  
  114  8:43  Marine  
  114  8:44  SCV  
  114  8:45  Refinery, SCV x2  
  118  8:50  Refinery  
  118  8:51  Sensor Tower  
  118  8:55  Armory  
  118  8:56  SCV  
  118  8:58  Supply Depot  
  118  9:00  Supply Depot  
  119  9:05  SCV  
  119  9:07  Factory  
  119  9:09  Marine x4  
  121  9:11  Marine  
  121  9:14  Marine  
  125  9:19  Marine  
  125  9:23  Siege Tank  
  129  9:27  Supply Depot  
  129  9:29  Supply Depot  
  129  9:30  Marine x4  
  133  9:31  Marine  
  133  9:35  Medivac  
  133  9:37  Medivac  
  138  9:52  Factory Tech Lab  
  138  9:54  Marine x8  
  138  9:56  Siege Tank  
  149  10:15  Marine x8  
  149  10:19  Terran Infantry Weapons Level 2, Terran Infantry Armor Level 2  
  149  10:20  Supply Depot, Terran Vehicle Weapons Level 1  
  157  10:22  Supply Depot  
  157  10:31  Starport  
  157  10:42  Siege Tank  
  159  10:57  Siege Tank, Command Center  
  162  10:59  Viking x2  
  162  11:03  Fusion Core  
  143  11:25  Starport Tech Lab  
  143  11:26  Supply Depot  
  143  11:29  Viking  
  145  11:34  Marine x9  
  126  11:51  Siege Tank  
  126  11:52  Viking x2, Siege Tank, Marine x9  
  120  12:00  Medivac  
  122  12:09  Marine  
  122  12:10  Marine x2  
  125  12:17  Marine x5  
  125  12:19  Marine  
  131  12:29  Siege Tank x2  
  136  12:35  Medivac  
  122  12:39  Marine x3  
  122  12:42  Marine  
  122  12:43  Marine x5  
  125  12:57  Marine x3  
  128  13:00  Marine  
  128  13:02  Siege Tank  
  128  13:03  Planetary Fortress  
  122  13:13  Marine x5  
  122  13:14  Marine, Siege Tank  
  122  13:15  Marine x2  
  122  13:18  Marine  
  134  13:31  Marine  
  124  13:52  Marine x2  
  124  13:53  Marine  
  111  14:00  Marine x3  
  111  14:01  Siege Tank  
  101  14:09  Marine x2  
  93  14:11  Marine  
  93  14:22  Marine x2  
  91  14:25  Marine  
  91  14:27  Marine x2  
  91  14:28  Barracks  
  91  14:30  Factory, Barracks  
  94  14:31  Factory, Barracks  
  77  14:38  Marine  
  74  14:47  Marine x3  
  74  14:58  Marine  
  74  14:59  Marine  
  63  15:19  Marine x3  
  68  15:21  Factory Tech Lab  
  68  15:22  Factory Tech Lab  
  68  15:23  SCV  
  68  15:24  Barracks  
  68  15:27  Barracks  
  49  15:37  Marine  
  49  15:38  Marine x2  
  49  15:40  Siege Tank  
  58  15:55  Marine x3  
  60  16:02  Orbital Command  
  43  16:17  Marine x2  
  39  16:51  Orbital Command  
  16  17:12  Marine x2  
  18  17:16  Factory  
  18  17:17  SCV  
  18  17:18  Barracks  
  19  17:22  Marine  
  19  17:29  Marine, SCV  
  21  17:30  Marine  
  22  17:40  Marine  
  22  17:42  SCV  
  20  17:47  Marine  
  20  17:58  Marine  
  17  17:59  SCV  
  17  18:05  Marine  
  19  18:08  Cyclone  
  19  18:11  SCV  
  24  18:23  SCV  
  23  18:36  Marine  
Tags
 
Add a new tag
Caveats
  • Supply blocks, unpowered buildings, or Contaminate may cause inaccurate times.
  • Supply counts are checked every 10 seconds.